 Dungeon Crawl Stone Soup version 0.17.2-1-ge4368a0 (webtiles) character file.

3318 Goblin1989 the Cleaver (level 9, -1/69 HPs)
             Began as a Mummy Gladiator on Dec 7, 2016.
             Was an Initiate of Gozag.
             Slain by a tentacled starspawn (17 damage)
             ... on level 1 of the Abyss.
             The game lasted 00:32:22 (8316 turns).

Goblin1989 the Cleaver (Mummy Gladiator)            Turns: 8316, Time: 00:32:22

Health: -1/69      AC: 13    Str: 22      XL:     9   Next: 71%
Magic:  9/9        EV: 10    Int:  7      God:    Gozag
Gold:   675        SH: 10    Dex: 15 (16) Spells: 1 memorised, 2 levels left

rFire  x . .     SeeInvis .     a - +1 war axe
rCold  + . .     Clarity  .     e - +0 ring mail
rNeg   + + +     SustAt   .     g - +0 shield
rPois  ∞         Gourm    .     c - +0 helmet
rElec  .         Spirit   .     k - +1 cloak
rCorr  .         Warding  .     h - +1 pair of gloves
rMut   .         Stasis   .     (no boots)
MR     +....                    (no amulet)
Stlth  +.........               s - +2 ring of protection
                                q - +4 ring of dexterity

@: somewhat resistant to hostile enchantments, very unstealthy
A: no food or potions, fire vulnerability, cold resistance 1, negative energy
resistance 3, torment resistance, unbreathing
a: Potion Petition, Call Merchant, Bribe Branch, Renounce Religion


You were on level 1 of the Abyss.
You worshipped Gozag.
Gozag was noncommittal.
You were not hungry.

You visited 1 branch of the dungeon, and saw 9 of its levels.
You visited the Abyss 1 time.

You collected 1079 gold pieces.
You paid 404 gold pieces to Gozag.

Inventory:

Hand Weapons
 a - a +1 war axe (weapon)
Missiles
 Z - 2 throwing nets (quivered) {=f, !d}
Armour
 c - a +0 helmet (worn)
 e - a +0 ring mail (worn)
 g - a +0 shield (worn)
 h - a +1 pair of gloves (worn)
 k - a +1 cloak (worn)
Jewellery
 m - a ring of wizardry
 q - a +4 ring of dexterity (left hand)
 s - a +2 ring of protection (right hand)
 u - a ring of flight {unknown}
Wands
 t - a wand of flame (12)
 w - a wand of lightning (4)
 L - a wand of lightning (7)
Scrolls
 b - a scroll of blinking {unknown}
 d - a scroll of enchant armour {unknown}
 f - 2 scrolls of vulnerability {unknown}
 i - a scroll of identify {unknown}
 j - 3 scrolls of enchant weapon
 l - 4 scrolls of remove curse {@r2}
 n - a scroll of random uselessness {unknown}
 o - 2 scrolls of amnesia {unknown}
 p - a scroll of noise {unknown}
 r - 2 scrolls of fog
 v - a scroll of fear {unknown}
 M - 4 scrolls of magic mapping
 T - 2 scrolls of teleportation {!r, @r4}


   Skills:
 + Level 6.1 Fighting
 * Level 8.0 Axes
 - Level 1.5 Throwing
 + Level 4.8 Armour
 - Level 2.4 Dodging
 + Level 5.0 Shields


You had 2 spell levels left.
You knew the following spells:

 Your Spells              Type           Power        Failure   Level  Hunger
H - Haste                 Chrm           #.......     100%        6    N/A

Dungeon Overview and Level Annotations

Branches:
Dungeon (9/15)             Temple (0/1) D:7
   Lair: D:8-11         Orc: D:9-12

Altars:
Ashenzari
Cheibriados
Fedhas
Gozag
Kikubaaqudgha
Qazlal
Sif Muna
Trog
Vehumet
Yredelemnul
Zin

Annotations:
D:3 1 exclusion
D:4 Grinder
D:7 Pikel
D:9 Erolcha


Innate Abilities, Weirdness & Mutations

You do not eat or drink.
Your flesh is vulnerable to fire.
You are immune to poison.
Your flesh is cold resistant.
You are immune to negative energy.
You are immune to unholy pain and torment.
You can survive without breathing.


Message History

* * * LOW HITPOINT WARNING * * *
The starspawn tentacle grabs you. The starspawn tentacle constricts you.
You take 25 damage, and have 16/69 hp.
MASSIVE DAMAGE!!
You slash the tentacled starspawn!
The starspawn tentacle loses its grip on you.
The tentacled starspawn is lightly damaged.
You hit the starspawn tentacle but do no damage. x2
You block the tentacled starspawn's attack.
The tentacled starspawn engulfs you but does no damage.
The starspawn tentacle grabs you. The starspawn tentacle constricts you.
You hit the tentacled starspawn.
The starspawn tentacle loses its grip on you.
The tentacled starspawn is lightly damaged.
You hit the starspawn tentacle but do no damage. x2
The tentacled starspawn closely misses you.
The tentacled starspawn engulfs you!
You die...
Your body crumbles into a pile of gold.

. █ █ . .
█... █ .█.
.██ . ..█.
. ███ .)█ .
. █
█.██w.█...
. █
█.@█*█..
..█
██.█wX.█ .
.█ ..
█..███.....
. █..█
...>█. . .
█.███.
███.... ..
█. █ .█ █..
█ . . █ ██.
... . █ ..
.█ .█ . █
.█ . █. █


You could see a tentacled starspawn and 2 starspawn tentacles.

Vanquished Creatures
  A troll (D:9)
  Sigmund (D:6)
  A wyvern (D:8)
  2 hippogriffs
  3 ice beasts
  An orc warrior (D:5)
  A phantom (D:5)
  A black bear (D:6)
  3 slaves (D:6)
  A sky beast (D:6)
  2 centaurs (D:7)
  3 ogres
  2 giant frogs
  3 crimson imps
  A quasit (Abyss:1)
  A giant frog zombie (D:6)
  6 hounds
  Crazy Yiuf (D:2)
  2 centaur zombies (D:6)
  2 jellies (D:9)
  A gnoll shaman (D:8)
  Jessica (D:2)
  2 centaur skeletons
  5 iguanas
  2 giant frog skeletons
  2 orc wizards
  7 worker ants
  A hound zombie (D:6)
  A mummy (D:9)
  A hound skeleton (D:6)
  A worker ant zombie (D:8)
  12 adders
  8 gnolls
  An ooze (D:6)
  An adder skeleton (D:6)
  3 worms
  The ghost of dscm the Digger, a weakling OpEE (D:3)
  The ghost of dscm the Digger, a weakling OpEE (D:4)
  A giant gecko (D:3)
  23 orcs
  3 ball pythons
  3 giant cockroaches
  3 goblins
  4 hobgoblins
  3 kobolds
  4 bats
  3 giant gecko skeletons
  8 giant newts
  20 jackals
  A quokka skeleton (D:8)
  14 rats
179 creatures vanquished.

Vanquished Creatures (others)
  2 starspawn tentacle segments (Abyss:1)
2 creatures vanquished.

Grand Total: 181 creatures vanquished

Notes
Turn   | Place    | Note
--------------------------------------------------------------
     0 | D:1      | Goblin1989 the Mummy Gladiator began the quest for the Orb.
     0 | D:1      | Reached XP level 1. HP: 16/16 MP: 1/1
     3 | D:1      | Noticed an electric eel
   269 | D:1      | Reached XP level 2. HP: 22/22 MP: 2/2
   883 | D:2      | Reached skill level 1 in Armour
   902 | D:2      | Reached XP level 3. HP: 20/28 MP: 3/3
  1016 | D:2      | Found an ancient bone altar of Kikubaaqudgha.
  1018 | D:2      | Found a deep blue altar of Sif Muna.
  1018 | D:2      | Found a radiant altar of Vehumet.
  1023 | D:2      | Identified Vehumet's Grimoire of Conjuration
  1030 | D:2      | Identified Kikubaaqudgha's Incunabulum of Sinister Arts
  1037 | D:2      | Identified Sif Muna's Handbook of Summoning
  1102 | D:2      | Noticed Jessica
  1124 | D:2      | Killed Jessica
  1124 | D:2      | Reached skill level 3 in Axes
  1198 | D:2      | Reached XP level 4. HP: 32/34 MP: 4/4
  1235 | D:2      | Found a faded altar to an unknown god.
  1361 | D:2      | Found a stormy altar of Qazlal.
  1422 | D:2      | Noticed Crazy Yiuf
  1438 | D:2      | Killed Crazy Yiuf
  1438 | D:2      | Reached skill level 1 in Shields
  1598 | D:3      | Noticed an ice beast
  1607 | D:3      | Noticed dscm's ghost (weakling OpEE)
  1624 | D:2      | HP: 1/34 [hound (3)]
  1627 | D:2      | Reached XP level 5. HP: 1/40 MP: 5/5
  2029 | D:3      | Killed dscm's ghost
  2088 | D:3      | Killed an ice beast
  2136 | D:3      | Reached skill level 4 in Axes
  2273 | D:3      | Noticed a moth of wrath
  2276 | D:3      | Found a bloodstained altar of Trog.
  2300 | D:3      | Reached XP level 6. HP: 47/47 MP: 6/6
  2594 | D:3      | Found a basalt altar of Yredelemnul.
  2810 | D:4      | Noticed dscm's ghost (weakling OpEE)
  2820 | D:4      | Killed dscm's ghost
  3008 | D:4      | Noticed Grinder
  3031 | D:4      | Paralysed by Grinder for 7 turns
  3070 | D:4      | Paralysed by Grinder for 7 turns
  3081 | D:4      | Paralysed by Grinder for 3 turns
  3594 | D:4      | You fall through a shaft!
  3594 | D:5      | Entered Level 5 of the Dungeon
  3658 | D:5      | Found a shattered altar of Ashenzari.
  3772 | D:5      | Reached XP level 7. HP: 39/52 MP: 7/7
  4098 | D:5      | Found a glowing silver altar of Zin.
  4120 | D:5      | Reached skill level 5 in Axes
  4125 | D:5      | Found an opulent altar of Gozag.
  4138 | D:5      | Became a worshipper of Gozag Ym Sagoz the Greedy
  4326 | D:5      | Found a blossoming altar of Fedhas.
  4855 | D:6      | Reached XP level 8. HP: 59/61 MP: 8/8
  5170 | D:6      | Reached skill level 6 in Axes
  5306 | D:6      | Noticed Sigmund
  5318 | D:6      | Killed Sigmund
  5450 | D:6      | Learned a level 6 spell: Haste
  5483 | D:7      | Noticed Pikel
  5536 | D:7      | Reached skill level 5 in Fighting
  6403 | D:7      | Found a staircase to the Ecumenical Temple.
  6520 | D:7      | Reached XP level 9. HP: 42/68 MP: 9/9
  6672 | D:8      | Reached skill level 7 in Axes
  6762 | D:8      | Got a transparent falchion
  6763 | D:8      | Identified the +9 falchion "Tasuf" {antimagic, +Blink +Rage Dex+2} (You found it on level 8 of the Dungeon)
  6774 | D:8      | Found a basalt altar of Yredelemnul.
  7573 | D:9      | HP: 3/69 [troll (5)]
  7575 | D:9      | Reached skill level 5 in Shields
  7864 | D:9      | Found a snail-covered altar of Cheibriados.
  8177 | D:9      | Noticed Erolcha
  8192 | D:9      | Cast into the Abyss (Erolcha)
  8192 | Abyss:1  | Found a corrupted altar of Lugonu.
  8229 | Abyss:1  | Reached skill level 8 in Axes
  8311 | Abyss:1  | Noticed a tentacled starspawn
  8316 | Abyss:1  | Slain by a tentacled starspawn

Action                   |  1- 3 |  4- 6 |  7- 9 || total
-------------------------+-------+-------+-------++-------
Melee: War axe           |    81 |   276 |   538 ||   895
Throw: Throwing net      |       |     9 |     4 ||    13
Invok: Potion Petition   |       |       |     2 ||     2
  Use: Scroll            |       |       |     5 ||     5
 Stab: Held in net/web   |       |     3 |     1 ||     4
       Distracted        |       |       |     2 ||     2

Vault maps used:
D:1:      arrival_aquarium_a
D:2:      grunt_temple_overflow_magic_moments, lemuel_doored_altar,
          ecumenical_altar_2, minmay_newt_pond, uniq_crazy_yiuf_cottage,
          uniq_jessica
D:3:      lemuel_coloured_pillars_altar, minivault_24, tgw_trog
D:4:      nicolae_ru_great_annihilating_truth, lemuel_round_altar,
          lemuel_crystal_altar, uniq_duvessa, uniq_grinder
D:5:      grunt_temple_overflow_gold_and_silver, lemuel_round_altar,
          ashenzari_altar_1, first_bread
D:6:      uniq_sigmund
D:7:      minmay_temple_entry_purple_smoke, minivault_23, uniq_pikel
D:8:      basic_altar
D:9:      slow_altar_1, uniq_erolcha
